 Seeded DCSS version 0.30.1-9-gdf580d7c3d (webtiles) character file.

Game seed: 920673320228942481 (custom seed)

2099857 CarvArkoylaein the Heavyweight Champion (level 25, 210/210 HPs) *EXPLORE*
             Began as a Troll Fighter on Oct 7, 2023.
             Was the Champion of Wu Jian.
             Escaped with the Orb
             ... and 3 runes on Oct 10, 2023!
             The game lasted 03:07:37 (44541 turns).

CarvArkoylaein the Heavyweight Champion (TrFi)     Turns: 44541, Time: 03:07:38

Health: 210/210    AC: 13    Str: 31 (36) XL:     25   Next: 81%
Magic:  22/22      EV: 12    Int:  7 (8)  God:    Wu Jian [******]
Gold:   5421       SH: 19    Dex:  6 (13) Spells: 24/24 levels left

rFire   + +          +
                       - Unarmed
rCold   + . .        I - +2 tower shield
rNeg    . . .        M - +4 troll leather armour
rPois   +            d - +0 hat of Letosus {rPois}
rElec   .            i - scarf {rC+ rF+}
rCorr   +            (gloves unavailable)
SInv    .            (boots unavailable)
Will    +....        x - amulet "Giogomotz" {rF+++ Regen+ Str+6 Int+3}
Stlth   +            l - ring of resist corrosion
HPRegen 2.95/turn    K - ring of poison resistance
MPRegen 0.18/turn

%: clarity
@: studying 2 skills
A: large, unfitting armour, claws 3, regeneration 1, shaggy fur 1, tough skin 1,
agile 1, clarity, deterioration 2, dopey 1, frail 2, screaming 1, weak 2
0: Orb of Zot
}: 3/15 runes: decaying, serpentine, silver
a: Renounce Religion, Wall Jump, Serpent's Lash, Heavenly Storm


You escaped.
You worshipped Wu Jian.
Wu Jian was exalted by your worship.
You visited 10 branches of the dungeon, and saw 47 of its levels.

You collected 6155 gold pieces.
You spent 734 gold pieces at shops.

Inventory:

Missiles
 G - 3 throwing nets (quivered)
Armour
 d - the +0 hat of Letosus (worn) {rPois}
   (You acquired it on level 1 of the Dungeon)

   rPois:     It protects you from poison.
 i - a scarf of resistance (worn)
 u - a +2 robe of cold resistance
 I - a +2 tower shield (worn)
 M - a +4 troll leather armour (worn)
Jewellery
 b - the amulet of Hard Scrabble {Reflect +Inv Dex+3 SH+5}
   (You found it on level 4 of the Snake Pit)

   [amulet of reflection]

   It reflects blocked missile attacks.
   Dex:       It affects your dexterity (+3).
   +Inv:      It lets you turn invisible.
   SH:        It affects your SH (+5).
 j - a ring of fire
 l - a ring of resist corrosion (left claw)
 t - the amulet "Deiwnuuf" {Spirit rPois Str+4}
   (You found it on level 5 of the Dungeon)

   [amulet of guardian spirit]

   It causes incoming damage to be divided between your reserves of health and
   magic.
   Str:       It affects your strength (+4).
   rPois:     It protects you from poison.
 x - the amulet "Giogomotz" (around neck) {rF+++ Regen+ Str+6 Int+3}
   (You found it on level 6 of the Dungeon)

   [amulet of regeneration]

   Str:       It affects your strength (+6).
   Int:       It affects your intelligence (+3).
   rF:        It renders you almost immune to fire.
   Regen:     It increases your rate of health regeneration.
 y - a ring of fire
 A - an amulet of reflection
 D - an amulet of faith
 E - a +6 ring of strength
 J - a ring of resist corrosion
 K - a ring of poison resistance (right claw)
 P - a ring of wizardry
 Z - an amulet of magic regeneration
Wands
 k - a wand of paralysis (50)
 r - a wand of digging (22)
 s - a wand of roots (34)
 w - a wand of polymorph (50)
 B - a wand of flame (32)
 O - a wand of light (15)
 U - a wand of mindburst (38)
Scrolls
 a - 4 scrolls of blinking
 e - 4 scrolls of poison
 g - 27 scrolls of teleportation
 h - 2 scrolls of amnesia
 m - 9 scrolls of fear
 p - 38 scrolls of identify
 v - 8 scrolls of fog
 N - a scroll of summoning
 Q - a scroll of enchant weapon
 W - 2 scrolls of magic mapping
 X - 3 scrolls of silence
Potions
 c - 7 potions of might
 f - a potion of invisibility
 n - 15 potions of curing
 q - 9 potions of heal wounds
 z - 7 potions of haste
 C - 2 potions of resistance
 F - 2 potions of magic
 H - 3 potions of mutation
 R - 3 potions of flight
 T - 3 potions of berserk rage
 V - 7 potions of brilliance
 Y - a potion of ambrosia
Miscellaneous
 o - a lightning rod (4/4)
 L - a piece from Xom's chessboard (15/15)
 S - a box of beasts


   Skills:
 - Level 17.9 Fighting
 * Level 18.1 Armour
 * Level 17.8 Dodging
 - Level 16.8 Shields
 O Level 27 Unarmed Combat


You had 24 spell levels left.
You didn't know any spells.
Your spell library contained the following spells:

 Spells                   Type           Power      Damage    Failure   Level
 Apportation              Tloc           0%         N/A       65%         1
 Foxfire                  Conj/Fire      0%         2x1d4     65%         1
 Kiss of Death            Conj/Necr      0%         2d5       65%         1
 Magic Dart               Conj           0%         1d3       65%         1
 Necrotise                Necr           0%         1d4       65%         1
 Sandblast                Erth           0%         2d4       65%         1
 Sting                    Tmut/Pois      0%         1d3       65%         1
 Blink                    Tloc           0%         N/A       80%         2
 Call Imp                 Summ           0%         N/A       80%         2
 Passwall                 Tmut/Erth      0%         N/A       80%         2
 Poisonous Vapours        Pois/Air       0%         N/A       80%         2
 Scorch                   Fire           0%         2d5       80%         2
 Call Canine Familiar     Summ           0%         N/A       95%         3
 Confusing Touch          Hex            0%         N/A       95%         3
 Dazzling Flash           Conj/Hex       0%         N/A       95%         3
 Frozen Ramparts          Ice            0%         1d1       95%         3
 Ignite Poison            Fire/Tmut/Pois 0%         N/A       95%         3
 Inner Flame              Hex/Fire       0%         N/A       95%         3
 Mephitic Cloud           Conj/Pois/Air  0%         N/A       95%         3
 Ozocubu's Armour         Ice            0%         N/A       95%         3
 Portal Projectile        Hex/Tloc       0%         N/A       95%         3
 Stone Arrow              Conj/Erth      0%         3d7       95%         3
 Tukima's Dance           Hex            0%         N/A       95%         3
 Vampiric Draining        Necr           0%         2d6       95%         3
 Vhi's Electric Charge    Tloc/Air       0%         N/A       95%         3
 Anguish                  Hex/Necr       0%         N/A       100%        4
 Animate Armour           Summ/Erth      0%         N/A       100%        4
 Cause Fear               Hex            0%         N/A       100%        4
 Dispel Undead            Necr           0%         3d6       100%        4
 Flame Wave               Conj/Fire      0%         2d4       100%        4
 Ice Form                 Ice/Tmut       0%         N/A       100%        4
 Leda's Liquefaction      Hex/Erth       0%         N/A       100%        4
 Manifold Assault         Tloc           0%         N/A       100%        4
 Olgreb's Toxic Radiance  Pois           0%         N/A       100%        4
 Passage of Golubria      Tloc           0%         N/A       100%        4
 Petrify                  Tmut/Erth      0%         N/A       100%        4
 Sticky Flame             Conj/Fire      0%         2d3       100%        4
 Summon Ice Beast         Ice/Summ       0%         N/A       100%        4
 Summon Lightning Spire   Summ/Air       0%         N/A       100%        4
 Agony                    Necr           0%         N/A       100%        5
 Alistair's Intoxication  Tmut/Pois      0%         N/A       100%        5
 Arcjolt                  Conj/Air       0%         1d10      100%        5
 Blade Hands              Tmut           0%         N/A       100%        5
 Borgnjor's Vile Clutch   Necr/Erth      0%         N/A       100%        5
 Fireball                 Conj/Fire      0%         3d3       100%        5
 Freezing Cloud           Conj/Ice/Air   0%         6-21      100%        5
 Irradiate                Conj/Tmut      0%         3d11      100%        5
 Iskenderun's Battlesphe  Conj           0%         2d6       100%        5
 Metabolic Englaciation   Hex/Ice        0%         N/A       100%        5
 Silence                  Hex/Air        0%         N/A       100%        5
 Summon Forest            Summ/Tloc      0%         N/A       100%        5
 Yara's Violent Unravell  Hex/Tmut       0%         3d3       100%        5
 Conjure Ball Lightning   Conj/Air       0%         3x3d6     100%        6
 Dispersal                Tloc           0%         N/A       100%        6
 Eringya's Noxious Bog    Tmut/Pois      0%         N/A       100%        6
 Plasma Beam              Fire/Air       0%         2x1d11    100%        6
 Simulacrum               Ice/Necr       0%         N/A       100%        6
 Starburst                Conj/Fire      0%         6d3       100%        6
 Statue Form              Tmut/Erth      0%         N/A       100%        6
 Summon Cactus Giant      Summ           0%         N/A       100%        6
 Dragon Form              Tmut           0%         N/A       100%        7
 Enfeeble                 Hex            0%         N/A       100%        7
 Orb of Destruction       Conj           0%         9d5       100%        7
 Storm Form               Tmut/Air       0%         N/A       100%        7
 Summon Hydra             Summ           0%         N/A       100%        7
 Borgnjor's Revivificati  Necr           0%         N/A       100%        8
 Disjunction              Tloc           0%         N/A       100%        8
 Maxwell's Capacitive Co  Air            0%         ∞         100%        8


Dungeon Overview and Level Annotations

Branches:
Dungeon (15/15)            Temple (1/1) D:6            Lair (5/5) D:8
  Swamp (4/4) Lair:3        Snake (4/4) Lair:3        Slime (2/5) Lair:5
    Orc (2/2) D:11            Elf (0/3) Orc:2        Vaults (5/5) D:13
  Crypt (0/3) Vaults:3     Depths (4/4) D:15            Zot (5/5) Depths:4

Altars:
Ashenzari
Cheibriados
Dithmenos
Elyvilon
Fedhas
Gozag
Hepliaklqana
Kikubaaqudgha
Makhleb
Nemelex Xobeh
Okawaru
Qazlal
Ru
Sif Muna
Trog
Uskayaw
Vehumet
Wu Jian
Xom
Yredelemnul
Zin
The Shining One
Jiyva
Lugonu

Shops:
D:3 *:   D:12 [   D:13 (   Orc:1 (   Orc:2 **:?   Snake:1 *   Snake:4 (
Vaults:5 !!!!??   Depths:2 [   Depths:3 ?   Depths:4 ?

Portals:
Hell: Depths:1 Depths:2 Depths:3 Depths:4
Abyss: Depths:3
Pandemonium: Depths:3 Depths:4
Ziggurat: Depths:2
Trove: Depths:3 (lose all piety)

Annotations:
Zot:2 3 runed translucent doors, Jiorhin's ghost, legendary TrBe


Innate Abilities, Weirdness & Mutations

You are too large for most types of armour.
You have claws for hands.
Your natural rate of healing is unusually fast.
You are covered in fur. (AC +1)
You have tough skin. (AC +1)
You are agile. (Dex +4, Str/Int -1)
You possess an exceptional clarity of mind.
Your body often deteriorates upon taking damage.
You are dopey. (Int -2)
You are very frail. (-20% HP)
You occasionally shout uncontrollably at your foes.
You are very weak. (Str -4)


Message History

You mangle the large abomination!!
You destroy the large abomination!
The Council accepts your kill.
HP restored.
There is a stone staircase leading up here.
You climb upwards.
There is a stone staircase leading down here.
A glowing orange brain comes into view.
You mangle the glowing orange brain!!
The glowing orange brain is heavily wounded.
You eviscerate the glowing orange brain!!!
You kill the glowing orange brain!
The Council accepts your kill.
There is a stone staircase leading up here.
You climb upwards.
There is a stone staircase leading down here.
There is a stone staircase leading up here.
You climb upwards.
There is a stone staircase leading down here.
You see here a +0 leather armour.
You see here a +0 leather armour.
A tormentor comes into view.
The tormentor roars!
You mangle the tormentor!!
The tormentor is almost dead.
You block the tormentor's attack. The tormentor barely misses you.
You eviscerate the tormentor!!!
You kill the tormentor!
The Council accepts your kill.
There is an open door here.
There is an open door here.
There is an open door here.
There is an open door here.
You open the door.
There is an open door here.
There is an open door here.
There is an open door here.
There is an open door here.
There is a staircase leading out of the dungeon here.
You have escaped!

#............#..............
#............#..............
#............#....#####.....
##'###########....# #.....
#.#..............#####.....
#.#.####......#.#..........
#.#.# #.P...P.#.#......##..
#.#.###.......#.#......####
#.#.##....@.....#......#
#.#...........#.#......####
#.####..P...P.#.########...
#.##.........##.# #...
#.##.#..#######+#### #...
#.##.#..##.........# #...
#.##.#..##.........# #...
#.##.#..##.........# #...
#######.##.#..#######'####
#...


There were no monsters in sight!

Vanquished Creatures
  5 dread liches
  2 ancient liches (Zot:5)
  Mara (Depths:1)
  2 orbs of fire
  3 pandemonium lords
  the Lernaean hydra (Swamp:4)
  Saint Roka (Vaults:1)
  2 Killer Klowns
  4 caustic shrikes
  Margery (Vaults:5)
  10 golden dragons
  Jory (Vaults:5)
  Nikola (Snake:2)
  3 hellephants
  14 tentacled monstrosities
  The ghost of Pyess the Warrior, an adept AtFi of Hepliaklqana (Snake:4)
  25 Orb Guardians
  4 liches
  A walking divine tome (Depths:3)
  Asterion (Vaults:2)
  7 death cobs
  4 titans
  An acid blob (Lair:5)
  4 quicksilver dragons
  6 sphinxes
  2 Executioners
  Kirke (Snake:3)
  15 storm dragons
  5 tengu reavers
  9 shadow dragons
  7 draconian monks
  A rockslime (Slime:1)
  4 nagarajas (Snake:4)
  A fenstrider witch (Swamp:1)
  A deep elf sorcerer (Vaults:5)
  6 draconian scorchers
  6 ghost moths
  11 fire giants
  4 balrugs
  6 draconian knights
  The ghost of Layvvorr the Eclecticist, an adept DEHW of Sif Muna (Snake:1)
  17 vault wardens
  10 frost giants
  3 draconian shifters
  An iron dragon (Depths:3)
  5 spectral caustic shrikes (Depths:4)
  16 ironbound preservers
  An orc warlord (Vaults:3)
  An angel (Depths:2)
  6 draconian stormcallers
  2 spriggan defenders
  5 draconian annihilators
  A quicksilver ooze (Slime:2)
  A war gargoyle (Vaults:5)
  11 very ugly things
  8 ironbound thunderhulks
  3 eleionomae
  19 stone giants
  8 green draconians
  5 vampire knights
  9 dire elephants
  A deep elf annihilator (Vaults:5)
  14 black draconians
  7 bunyips
  12 red draconians
  10 yellow draconians
  10 spark wasps
  11 purple draconians
  10 white draconians
  15 ettins
  A shambling mangrove (Swamp:3)
  11 fire dragons
  4 great orbs of eyes
  12 yaktaur captains
  11 ice dragons
  4 deep elf high priests
  Josephine (D:14)
  Fannar (Lair:1)
  An entropy weaver (Vaults:2)
  34 vault guards
  A peacekeeper (Vaults:1)
  4 ogre magi
  Harold (D:10)
  An ice dragon (shapeshifter) (Vaults:5)
  4 salamander tyrants
  5 rakshasas
  5 spriggan air magi
  17 hydras
  9 anacondas
  9 ironbound frosthearts
  5 boulder beetles
  5 ghost crabs
  A catoblepas (Lair:5)
  12 centaur warriors
  5 alligators
  10 tengu warriors
  Erica (D:8)
  A death knight (D:14)
  11 death yaks
  22 two-headed ogres
  The ghost of growler the Stormcaller, a journeyman TeAE of Hepliaklqana (D:9)
  An alligator (shapeshifter) (Vaults:5)
  12 deep troll earth magi
  11 deep troll shamans
  19 naga warriors
  7 hell hogs (Depths:1)
  3 vampire magi
  Urug (Lair:5)
  An orc high priest (Orc:1)
  12 spriggans
  14 hell knights
  6 sun demons
  21 naga sharpshooters
  8 spriggan berserkers
  12 shock serpents
  2 skysharks
  A soul eater (D:14)
  14 iron trolls
  10 goliath frogs
  4 skeletal warriors (D:15)
  A sixfirhy (Depths:4)
  A sea snake (Snake:1)
  A goliath frog (shapeshifter) (Vaults:5)
  A glowing orange brain (shapeshifter) (Vaults:5)
  3 salamander mystics
  A sea snake (shapeshifter) (Depths:1)
  3 spriggan druids
  6 glowing orange brains
  6 naga ritualists
  2 flayed ghosts
  A tengu zombie (Depths:3)
  Pikel (D:8)
  51 deep trolls
  9 swamp dragons
  An obsidian statue (Snake:1)
  8 lindwurms
  14 bog bodies
  An orc knight (D:15)
  7 phantasmal warriors
  6 necromancers
  19 ironbound convokers
  7 wizards
  2 orc sorcerers
  A wolf spider (Vaults:5)
  6 will-o-the-wisps
  A steelbarb worm (shapeshifter) (Vaults:5)
  A deep elf pyromancer (D:14)
  28 ugly things
  12 mana vipers
  4 cyclopes
  2 manticores (D:14)
  A shadow dragon skeleton (Depths:3)
  12 salamanders
  33 moths of wrath
  A rust devil (Depths:4)
  4 guardian serpents
  19 elephants
  38 black mambas
  23 naga magi
  Joseph (D:8)
  19 vault sentinels
  2 torpor snails (Lair:2)
  A gargoyle (D:13)
  A torpor snail (shapeshifter) (Depths:1)
  An unseen horror (D:11)
  2 freezing wraiths (Vaults:5)
  2 rime drakes
  A kobold demonologist (D:6)
  5 cane toads
  An efreet (D:15)
  A tormentor (D:1)
  A rime drake (shapeshifter) (Vaults:3)
  10 komodo dragons
  40 yaktaurs
  A red devil (Depths:4)
  6 tengu conjurers
  A queen bee (shapeshifter) (Vaults:5)
  3 polar bears
  A hellwing (Zot:5)
  A human skeleton (Vaults:4)
  9 tyrant leeches
  A wind drake (shapeshifter) (D:13)
  6 meliai (D:15)
  A tarantella (Vaults:2)
  9 trolls
  8 dream sheep
  11 hornets
  11 blink frogs
  51 slime creatures
  A jumping spider (shapeshifter) (D:13)
  A vampire (D:13)
  Sigmund (D:4)
  2 water elementals (Depths:3)
  7 wraiths
  A ynoxinul (Depths:4)
  A shadow (D:10)
  6 wyverns
  52 yaks
  2 hogs (Snake:3)
  8 basilisks
  A large abomination (D:4)
  A redback (Vaults:2)
  A neqoxec (Depths:4)
  Grum (D:8)
  A yaktaur simulacrum (Vaults:4)
  Menkaure (D:5)
  2 steam dragons
  12 vampire mosquitoes
  22 swamp worms
  3 wargs
  49 nagas
  7 hell hounds (D:10)
  An acid dragon (D:12)
  16 water moccasins
  A floating eye (Depths:2)
  Duvessa (D:7)
  A meliai simulacrum (D:15)
  A sky beast (D:7)
  4 black bears
  8 swamp drakes
  17 orc warriors
  2 ice beasts
  A small abomination (Depths:3)
  26 ogres
  13 wolves
  15 centaurs
  2 phantoms (D:6)
  A lemure (D:8)
  A human zombie (Vaults:4)
  2 kobold brigands
  Blork the orc (D:4)
  3 gnoll sergeants
  9 scorpions
  10 bullfrogs
  A glowing shapeshifter simulacrum (Depths:3)
  5 wights
  Dowan (D:7)
  14 killer bees
  5 electric eels
  4 howler monkeys (D:9)
  4 hounds
  9 orc priests
  Crazy Yiuf (D:2)
  A gnoll bouda (Lair:4)
  3 jellies
  Natasha (twice) (D:2)
  An iguana (D:5)
  Ijyb (D:5)
  19 orc wizards
  Robin (D:4)
  15 gnolls
  5 adders
  8 white imps
  An ufetubus (D:6)
  A worm (D:3)
  2 dart slugs
  77 orcs
  11 endoplasms
  2 giant cockroaches
  9 goblins
  7 hobgoblins
  16 kobolds
  2 quokkas
  9 ball pythons
  4 bats
  4 rats
1886 creatures vanquished.

Vanquished Creatures (others)
  An Orb Guardian (Zot:5)
  A demonspawn blood saint (Zot:2)
  A naga warrior (Snake:4)
  A goliath frog (Swamp:4)
  A bog body (Swamp:4)
  A black mamba (Snake:4)
  A tyrant leech (Swamp:3)
  A bloated husk (Swamp:3)
  A swamp worm (Swamp:3)
  3 swamp drakes (Swamp:4)
  A kobold (D:6)
  24 foxfires
37 creatures vanquished.

Grand Total: 1923 creatures vanquished

Notes
Turn   | Place    | Note
-------+----------+-------------------------------------------
     0 | D:1      | CarvArkoylaein the Troll Fighter began the quest for the
                  | Orb.
     0 | D:1      | Reached XP level 1. HP: 22/22 MP: 0/0
    26 | D:1      | Entered explore mode.
    80 | D:1      | Identified 3 scrolls of acquirement
    80 | D:1      | Acquired the +0 hat of Letosus {rPois}
    81 | D:1      | Acquired a manual of Unarmed Combat
    82 | D:1      | Acquired 904 gold pieces
   791 | D:1      | Reached XP level 2. HP: 29/29 MP: 1/1
  1176 | D:2      | Noticed Natasha
  1183 | D:2      | Killed Natasha
  1184 | D:2      | Reached skill level 3 in Unarmed Combat
  1184 | D:2      | Reached XP level 3. HP: 31/36 MP: 2/2
  1359 | D:2      | Reached skill level 4 in Unarmed Combat
  1467 | D:2      | Noticed Natasha
  1485 | D:2      | Killed Natasha
  1486 | D:2      | Reached XP level 4. HP: 11/44 MP: 3/3
  1519 | D:2      | Gained mutation: You are robust. (+10% HP) [potion of
                  | mutation]
  1519 | D:2      | Lost mutation: You are robust. (+10% HP) [potion of
                  | mutation]
  1519 | D:2      | Gained mutation: You have hidden genetic potential. [potion
                  | of mutation]
  1880 | D:2      | Found a runed translucent door.
  1881 | D:2      | Noticed Crazy Yiuf
  1990 | D:2      | Killed Crazy Yiuf
  2058 | D:3      | Reached skill level 5 in Unarmed Combat
  2065 | D:3      | Found Xyxiz's Assorted Antiques.
  2137 | D:3      | Found Rylak's Book Boutique.
  2766 | D:4      | Noticed a black bear
  2773 | D:4      | Killed a black bear
  2774 | D:4      | Reached skill level 6 in Unarmed Combat
  2774 | D:4      | Reached XP level 5. HP: 45/53 MP: 4/4
  2777 | D:4      | Gained mutation: You have sharp toenails. [hidden
                  | potential]
  2783 | D:4      | Got the Precepts of Hapless Last Rites
  2797 | D:4      | Reached XP level 6. HP: 61/61 MP: 5/5
  2828 | D:4      | Noticed a water moccasin
  2836 | D:4      | Killed a water moccasin
  2837 | D:4      | Reached skill level 7 in Unarmed Combat
  2850 | D:4      | Gained mutation: Your flesh is heat resistant. (rF+)
                  | [hidden potential]
  2850 | D:4      | Lost mutation: You have hidden genetic potential. [hidden
                  | potential expressed]
  2999 | D:4      | Noticed Blork the orc
  3007 | D:4      | Killed Blork the orc
  3008 | D:4      | Reached XP level 7. HP: 58/68 MP: 6/6
  3095 | D:4      | Noticed Robin
  3108 | D:4      | Killed Robin
  3355 | D:4      | Noticed Sigmund
  3360 | D:4      | Killed Sigmund
  3361 | D:4      | Reached skill level 8 in Unarmed Combat
  3552 | D:5      | Entered Level 5 of the Dungeon
  3585 | D:5      | Reached skill level 9 in Unarmed Combat
  3585 | D:5      | Noticed Ijyb
  3599 | D:5      | Killed Ijyb
  3600 | D:5      | Reached XP level 8. HP: 79/79 MP: 7/7
  3630 | D:5      | Reached skill level 5 in Shields
  3643 | D:5      | Noticed Menkaure
  3647 | D:5      | Killed Menkaure
  3648 | D:5      | Reached skill level 10 in Unarmed Combat
  3679 | D:5      | Identified the amulet "Deiwnuuf" {Spirit rPois Str+4}
  3720 | D:5      | Found a sacrificial altar of Ru.
  3843 | D:5      | Reached skill level 5 in Fighting
  4288 | D:6      | Reached skill level 11 in Unarmed Combat
  4296 | D:6      | Identified the amulet "Giogomotz" {rF+++ Regen+ Str+6
                  | Int+3}
  4404 | D:6      | Found a staircase to the Ecumenical Temple.
  4426 | Temple   | Entered the Ecumenical Temple
  4692 | D:6      | Reached XP level 9. HP: 83/88 MP: 8/8
  4695 | D:6      | Reached skill level 12 in Unarmed Combat
  4736 | D:6      | Found a burning altar of Makhleb.
  4774 | D:6      | Noticed a kobold demonologist
  4790 | D:6      | Noticed an orange demon
  4792 | D:6      | Killed a kobold demonologist
  4806 | D:6      | Reached skill level 13 in Unarmed Combat
  5218 | D:7      | Found a blossoming altar of Fedhas.
  5328 | D:7      | Found a broken altar of Ashenzari.
  5489 | D:7      | Noticed Dowan
  5492 | D:7      | Noticed Duvessa
  5495 | D:7      | Killed Dowan
  5503 | D:7      | Killed Duvessa
  5504 | D:7      | Reached XP level 10. HP: 69/100 MP: 9/9
  5672 | D:7      | Found a glowing silver altar of Zin.
  5763 | D:7      | Found an opulent altar of Gozag.
  5784 | D:7      | Reached skill level 14 in Unarmed Combat
  6321 | D:8      | Found a staircase to the Lair.
  6525 | D:8      | Noticed Erica
  6533 | D:8      | Killed Erica
  6728 | D:8      | Reached skill level 15 in Unarmed Combat
  6982 | D:8      | Noticed Pikel
  6989 | D:8      | Killed Pikel
  7020 | D:8      | Noticed Joseph
  7022 | D:8      | Reached XP level 11. HP: 109/109 MP: 10/10
  7030 | D:8      | Killed Joseph
  7068 | D:8      | Noticed Grum
  7091 | D:8      | Killed Grum
  7229 | Lair:1   | Entered Level 1 of the Lair of Beasts
  7241 | Lair:1   | Slain by a komodo dragon (29 damage)
  7623 | Lair:1   | Noticed Fannar
  7651 | Lair:1   | Killed from afar by Fannar (14 damage)
                  | ... with a bolt of cold
                  | ... while petrified by a basilisk
  7660 | Lair:1   | Killed Fannar
  7667 | Lair:1   | Reached skill level 16 in Unarmed Combat
  8310 | Lair:2   | Reached XP level 12. HP: 60/122 MP: 11/11
  8359 | Lair:2   | Mangled by a komodo dragon (14 damage)
  8371 | Lair:2   | You fall into a shaft and drop 2 floors!
  8429 | Lair:4   | HP: 5/123 [skyshark (52)]
  8429 | Lair:4   | Slain by a skyshark (7 damage)
  8545 | Lair:4   | Reached skill level 17 in Unarmed Combat
  8606 | Lair:4   | Reached skill level 10 in Shields
  8828 | Lair:4   | Noticed a death yak
  8828 | Lair:4   | Noticed a death yak
  8828 | Lair:4   | Noticed a death yak
  8829 | Lair:4   | Noticed a death yak
  8831 | Lair:4   | Killed a death yak
  8832 | Lair:4   | Noticed a death yak
  8835 | Lair:4   | Killed a death yak
  8849 | Lair:4   | Killed a death yak
  8853 | Lair:4   | Killed a death yak
  8855 | Lair:4   | Killed a death yak
  9515 | Lair:3   | Reached skill level 18 in Unarmed Combat
  9515 | Lair:3   | Reached XP level 13. HP: 95/133 MP: 12/12
  9603 | Lair:3   | Found a staircase to the Snake Pit.
  9773 | Lair:3   | Reached skill level 10 in Fighting
  9773 | Lair:3   | Found a staircase to the Swamp.
 10220 | Lair:5   | Entered Level 5 of the Lair of Beasts
 10272 | Lair:5   | Noticed Urug
 10279 | Lair:5   | Killed Urug
 10390 | Lair:5   | Found a staircase to the Slime Pits.
 10721 | Lair:5   | Slain by a deep troll shaman (9 damage)
                  | ... while petrified
 10728 | Lair:5   | Demolished by a death yak (24 damage)
 10745 | Lair:5   | HP: 3/135 [death yak (19)]
 10747 | Lair:5   | Demolished by a death yak (21 damage)
 10756 | Lair:5   | Noticed a dire elephant
 10766 | Lair:5   | Reached skill level 19 in Unarmed Combat
 10766 | Lair:5   | HP: 1/135 [death yak (13)]
 10767 | Lair:5   | Demolished by a death yak (24 damage)
 10769 | Lair:5   | Killed a dire elephant
 10892 | Slime:1  | Entered Level 1 of the Pits of Slime
 10894 | Slime:1  | Noticed a rockslime
 10904 | Slime:1  | Killed a rockslime
 10915 | Slime:2  | Noticed a quicksilver ooze
 10917 | Slime:2  | Noticed a quicksilver ooze
 10923 | Slime:2  | Noticed a rockslime
 10924 | Slime:2  | HP: 2/135 [rockslime[a glowing orange brain] (15)]
 10924 | Slime:2  | Slain by a quicksilver ooze (7 damage)
 10927 | Slime:2  | Mangled by a rockslime (28 damage)
                  | ... summoned by a glowing orange brain
 10932 | Slime:2  | Slain by a slime creature (7 damage)
                  | ... summoned by a glowing orange brain
 10933 | Slime:2  | Annihilated by a titanic slime creature (74 damage)
                  | ... summoned by a glowing orange brain
 10935 | Slime:2  | Slain by a titanic slime creature (18 damage)
 10937 | Slime:2  | Annihilated by a titanic slime creature (64 damage)
                  | ... summoned by a glowing orange brain
 10938 | Slime:2  | Mangled by a titanic slime creature (74 damage)
                  | ... summoned by a glowing orange brain
 10942 | Slime:2  | Annihilated by a titanic slime creature (81 damage)
 10948 | Slime:2  | Mangled by a quicksilver ooze (18 damage)
 10952 | Slime:2  | Mangled by a quicksilver ooze (14 damage)
 10955 | Slime:2  | Annihilated by a very large slime creature (65 damage)
 10957 | Slime:2  | Annihilated by a very large slime creature (55 damage)
 10960 | Slime:2  | Slain by a very large slime creature (46 damage)
 10963 | Slime:2  | HP: 4/136 [drowned by a quicksilver ooze (9)]
 10963 | Slime:2  | Slain by a quicksilver ooze (8 damage)
 10964 | Slime:2  | Annihilated by a titanic slime creature (67 damage)
 10965 | Slime:2  | Slain by a quicksilver ooze (26 damage)
 10968 | Slime:2  | HP: 1/136 [drowned by a quicksilver ooze (10)]
 10968 | Slime:2  | Demolished by a quicksilver ooze (21 damage)
 10970 | Slime:2  | Slain by a titanic slime creature (13 damage)
 10971 | Slime:2  | Annihilated by a titanic slime creature (58 damage)
 10972 | Slime:2  | Annihilated by a titanic slime creature (106 damage)
 10974 | Slime:2  | Drowned by a quicksilver ooze (11 damage)
 10976 | Slime:2  | HP: 2/136 [drowned by a quicksilver ooze (11)]
 10976 | Slime:2  | Demolished by a quicksilver ooze (21 damage)
 10977 | Slime:2  | Mangled by a titanic slime creature (22 damage)
 10979 | Slime:2  | Mangled by an enormous slime creature (47 damage)
 10981 | Slime:2  | Mangled by an enormous slime creature (79 damage)
 10983 | Slime:2  | Annihilated by an enormous slime creature (63 damage)
 10984 | Slime:2  | Slain by a quicksilver ooze (12 damage)
 10985 | Slime:2  | HP: 5/136 [titanic slime creature (106)]
 10985 | Slime:2  | Mangled by a quicksilver ooze (13 damage)
 10986 | Slime:2  | Slain by a quicksilver ooze (19 damage)
 10987 | Slime:2  | Slain by a titanic slime creature (33 damage)
 10987 | Slime:2  | Noticed an acid blob
 10992 | Slime:2  | HP: 2/136 [quicksilver ooze (12)]
 10992 | Slime:2  | Demolished by a slime creature (20 damage)
 10997 | Slime:2  | HP: 1/136 [acid blob/splash of acid (10)]
 10998 | Slime:2  | Killed from afar by an acid blob (6 damage)
                  | ... with a splash of acid
 11005 | Slime:2  | Mangled by a quicksilver ooze (22 damage)
 11007 | Slime:2  | Killed a quicksilver ooze
 11009 | Slime:2  | Reached XP level 14. HP: 108/144 MP: 0/13
 11016 | Slime:1  | Noticed an acid blob
 11019 | Slime:1  | HP: 2/144 [acid blob (38)]
 11019 | Slime:1  | Splashed by an acid blob's acid (5 damage)
 11020 | Slime:1  | Noticed an acid blob
 11032 | Lair:5   | HP: 5/144 [slime creature (8)]
 11034 | Lair:5   | HP: 1/144 [acid blob (5)]
 11034 | Lair:5   | Splashed by an acid blob's acid (3 damage)
 11038 | Lair:5   | Killed an acid blob
 11439 | D:9      | Found an ornate altar of the Wu Jian Council.
 11444 | D:9      | Found a basalt altar of Yredelemnul.
 11466 | D:9      | Became a worshipper of the Wu Jian Council
 11576 | D:9      | Found a transporter.
 11576 | D:9      | Noticed growler's ghost (journeyman TeAE)
 11577 | D:9      | Found a transporter.
 11595 | D:9      | Killed growler's ghost
 11596 | D:9      | HP: 3/146 [two-headed ogre/+0 giant club (18)]
 11596 | D:9      | Mangled by a two-headed ogre
                  | ... wielding a +0 giant club
                  | (16 damage)
 11963 | D:9      | Reached * piety under Wu Jian
 12089 | D:10     | Entered Level 10 of the Dungeon
 12089 | D:10     | Noticed Harold
 12098 | D:10     | Killed Harold
 12332 | D:10     | Reached skill level 20 in Unarmed Combat
 12338 | D:10     | Reached ** piety under Wu Jian
 12341 | D:10     | Mangled by a hell knight simulacrum (19 damage)
 12851 | D:11     | Found a staircase to the Orcish Mines.
 13368 | Orc:1    | Entered Level 1 of the Orcish Mines
 13399 | Orc:1    | Reached *** piety under Wu Jian
 13510 | Orc:1    | You fall into a shaft and drop 1 floor!
 13510 | Orc:2    | Entered Level 2 of the Orcish Mines
 13520 | Orc:2    | Found a staircase to the Elven Halls.
 13687 | Orc:2    | Noticed a stone giant
 13692 | Orc:2    | HP: 6/148 [two-headed ogre/+0 giant club (6)]
 13693 | Orc:2    | Mangled by a two-headed ogre
                  | ... wielding a +0 giant club
                  | (18 damage)
 13702 | Orc:2    | Slain by a stone giant (18 damage)
 13706 | Orc:2    | HP: 6/148 [two-headed ogre/+0 dire flail (9)]
 13706 | Orc:2    | Slain by a two-headed ogre
                  | ... wielding a +0 dire flail
                  | (9 damage)
 13708 | Orc:2    | Killed a stone giant
 13711 | Orc:2    | HP: 2/148 [two-headed ogre/+0 giant club (17)]
 13712 | Orc:2    | Demolished by a two-headed ogre
                  | ... wielding a +0 giant club
                  | (23 damage)
 13717 | Orc:2    | HP: 1/148 [two-headed ogre/+0 giant club (33)]
 13719 | Orc:2    | Demolished by a two-headed ogre
                  | ... wielding a +0 giant club
                  | (24 damage)
 13724 | Orc:2    | Paralysed by something for 5 turns
 13728 | Orc:2    | Slain by a two-headed ogre
                  | ... wielding a +0 giant club
                  | (22 damage)
                  | ... while paralysed by an ogre mage
 13752 | Orc:2    | Reached **** piety under Wu Jian
 13754 | Orc:2    | Reached XP level 15. HP: 29/156 MP: 14/14
 13756 | Orc:2    | Mangled by an ogre
                  | ... wielding a +0 giant club
                  | (27 damage)
 13772 | Orc:2    | Slain by an ogre mage
                  | ... wielding a +0 club
                  | (13 damage)
 13789 | Orc:2    | Paralysed by an orc sorcerer for 5 turns
 13792 | Orc:2    | HP: 5/156 [ice devil[an orc sorcerer] (10)]
 13792 | Orc:2    | Slain by an ogre mage
                  | ... wielding a +0 club
                  | (7 damage)
                  | ... while paralysed by an orc sorcerer
 13842 | Orc:2    | Found Enioni's Magic Scroll Emporium.
 13861 | Orc:2    | Found Poenyon's Book Shop.
 13871 | Orc:2    | Bought a scroll of enchant armour for 105 gold pieces
 13873 | Orc:2    | Found Hoantoc's Assorted Antiques.
 13874 | Orc:2    | Found Nalecwih's Assorted Antiques.
 14535 | Orc:1    | Found Lodem's Firing Range.
 15628 | Lair:2   | Reached skill level 21 in Unarmed Combat
 16034 | Swamp:1  | Entered Level 1 of the Swamp
 16126 | Swamp:1  | Noticed a fenstrider witch
 16140 | Swamp:1  | HP: 3/156 [bog body (16)]
 16140 | Swamp:1  | Demolished by a bog body (18 damage)
 16142 | Swamp:1  | Paralysed by a fenstrider witch for 5 turns
 16144 | Swamp:1  | HP: 1/156 [spriggan rider/+0 spear (20)]
 16144 | Swamp:1  | Mangled by a tyrant leech (12 damage)
                  | ... while paralysed by a fenstrider witch
 16150 | Swamp:1  | HP: 3/156 [fenstrider witch (19)]
 16151 | Swamp:1  | Killed a fenstrider witch
 16414 | Swamp:1  | Identified the +9 falchion of the Swamp {flame, *Slow Will+
                  | Int+8}
 17238 | Swamp:2  | HP: 3/158 [ten-headed hydra (7)]
 17238 | Swamp:2  | Slain by a ten-headed hydra (6 damage)
 17251 | Swamp:2  | Reached ***** piety under Wu Jian
 17410 | Swamp:2  | Identified the +3 robe of the Ladybird {rC+ rN+ Dex+4
                  | Archmagi}
 17644 | Swamp:3  | Slain by a spriggan rider
                  | ... wielding a +0 heavy spear
                  | (31 damage)
 17665 | Swamp:3  | Slain by a spectral fenstrider witch (17 damage)
                  | ... called from beyond by a ghost crab
 17677 | Swamp:3  | HP: 4/146 [spriggan rider/+0 spear (21)]
 17680 | Swamp:3  | Mangled by a spriggan rider
                  | ... wielding a +0 spear
                  | (22 damage)
 17834 | Swamp:3  | HP: 7/155 [tyrant leech (15)]
 17835 | Swamp:3  | Constricted to death by a shambling mangrove (14 damage)
 17848 | Swamp:3  | Identified the +0 leather armour of Painted Brilliance
                  | {Rampage rC++}
 17851 | Swamp:3  | Got Sif Muna's Directory of Conflagration
 17883 | Swamp:3  | Mangled by an alligator (21 damage)
 18244 | Swamp:4  | Entered Level 4 of the Swamp
 18251 | Swamp:4  | Reached skill level 22 in Unarmed Combat
 18260 | Swamp:4  | Reached XP level 16. HP: 32/167 MP: 15/15
 18262 | Swamp:4  | HP: 4/167 [goliath frog (20)]
 18262 | Swamp:4  | Splashed by a goliath frog's acid (4 damage)
 18273 | Swamp:4  | Slain by a bog body (13 damage)
 18281 | Swamp:4  | Engulfed by a bog body's freezing vapour (20 damage)
 18286 | Swamp:4  | HP: 6/167 [seven-headed hydra[a spriggan druid] (12)]
 18286 | Swamp:4  | Slain by a seven-headed hydra (7 damage)
                  | ... called by a spriggan druid
 18291 | Swamp:4  | HP: 1/167 [bog body (10)]
 18291 | Swamp:4  | Slain by a swamp worm (2 damage)
 18294 | Swamp:4  | Slain by a six-headed hydra (8 damage)
 18296 | Swamp:4  | HP: 4/167 [swamp worm (7)]
 18296 | Swamp:4  | Mangled by an eight-headed hydra (15 damage)
                  | ... called by a spriggan druid
 18299 | Swamp:4  | Slain by a seven-headed hydra (4 damage)
 18304 | Swamp:4  | HP: 2/167 [seven-headed hydra (12)]
 18304 | Swamp:4  | Slain by a seven-headed hydra (3 damage)
 18306 | Swamp:4  | Mangled by a bog body (14 damage)
 18311 | Swamp:4  | HP: 8/169 [seven-headed hydra (5)]
 18311 | Swamp:4  | Mangled by a seven-headed hydra (14 damage)
 18316 | Swamp:4  | HP: 2/169 [bog body (17)]
 18316 | Swamp:4  | Demolished by a bog body (16 damage)
 18321 | Swamp:4  | HP: 1/169 [ten-headed hydra (12)]
 18321 | Swamp:4  | Mangled by a ten-headed hydra (11 damage)
 18348 | Swamp:4  | HP: 8/169 [bog body (22)]
 18349 | Swamp:4  | HP: 1/169 [goliath frog (10)]
 18349 | Swamp:4  | Splashed by a goliath frog's acid (4 damage)
 18406 | Swamp:4  | HP: 1/154 [ghost crab] (10)]
 18495 | Swamp:4  | Noticed the 27-headed Lernaean hydra
 18500 | Swamp:4  | Slain by the 27-headed Lernaean hydra (11 damage)
 18501 | Swamp:4  | Slain by the 27-headed Lernaean hydra (13 damage)
 18502 | Swamp:4  | HP: 3/156 [the 27-headed Lernaean hydra (13)]
 18502 | Swamp:4  | Mangled by the 27-headed Lernaean hydra (11 damage)
 18504 | Swamp:4  | Slain by the 27-headed Lernaean hydra (5 damage)
 18505 | Swamp:4  | Slain by the 27-headed Lernaean hydra (9 damage)
 18507 | Swamp:4  | HP: 5/156 [the 26-headed Lernaean hydra (14)]
 18507 | Swamp:4  | Slain by the 26-headed Lernaean hydra (6 damage)
 18508 | Swamp:4  | Killed the 27-headed Lernaean hydra
 18511 | Swamp:4  | Reached ****** piety under Wu Jian
 18523 | Swamp:4  | Got a decaying rune of Zot
 18898 | Snake:1  | Entered Level 1 of the Snake Pit
 19189 | Snake:1  | HP: 7/170 [electric eel/bolt of electricity (14)]
 19190 | Snake:1  | HP: 2/170 [electric eel/bolt of electricity (5)]
 19190 | Snake:1  | Killed from afar by an electric eel (11 damage)
                  | ... with a bolt of electricity
 19268 | Snake:1  | Found a sparkling altar of Nemelex Xobeh.
 19292 | Snake:1  | Found a runed translucent gate.
 19293 | Snake:1  | Found a runed translucent gate.
 19293 | Snake:1  | Found a runed translucent gate.
 19294 | Snake:1  | Found an opulent altar of Gozag.
 19295 | Snake:1  | Found Bemanwom's Assorted Antiques.
 19295 | Snake:1  | Found Gowuir's Assorted Antiques.
 19295 | Snake:1  | Noticed Layvvorr's ghost (adept DEHW)
 19308 | Snake:1  | HP: 3/170 [anaconda (9)]
 19308 | Snake:1  | Constricted to death by an anaconda (3 damage)
 19314 | Snake:1  | HP: 8/170 [black mamba (6)]
 19315 | Snake:1  | Mangled by a black mamba (16 damage)
 19317 | Snake:1  | Killed Layvvorr's ghost
 19326 | Snake:1  | HP: 6/170 [mana viper (15)]
 19327 | Snake:1  | Slain by a black mamba (9 damage)
 19357 | Snake:1  | HP: 8/170 [smoke demon[an obsidian statue] (5)]
 19359 | Snake:1  | HP: 3/170 [orange demon[an obsidian statue] (6)]
 19360 | Snake:1  | Slain by an orange demon (6 damage)
                  | ... summoned by an obsidian statue
 19405 | Snake:1  | Bought a glaive for 279 gold pieces
 19405 | Snake:1  | Bought a tiny garnet amulet for 215 gold pieces
 19605 | Snake:1  | Reached skill level 23 in Unarmed Combat
 19611 | Snake:1  | Shot with an arrow by a naga sharpshooter (19 damage)
 19762 | Snake:1  | Mangled by a mana viper (19 damage)
 20199 | Snake:2  | Found a blossoming altar of Fedhas.
 20253 | Snake:2  | Noticed Nikola
 20264 | Snake:2  | Killed Nikola
 21013 | Snake:2  | Reached XP level 17. HP: 176/179 MP: 16/16
 21359 | Snake:3  | Noticed Kirke
 21370 | Snake:3  | Killed Kirke
 21428 | Snake:3  | HP: 7/179 [constriction (3)]
 21429 | Snake:3  | Mangled by an anaconda (17 damage)
 21459 | Snake:3  | HP: 2/179 [black mamba[a naga ritualist] (9)]
 21459 | Snake:3  | Slain by a black mamba (7 damage)
                  | ... led by a naga ritualist
 21468 | Snake:3  | Reached skill level 15 in Shields
 21487 | Snake:3  | HP: 4/179 [shock serpent (14)]
 21487 | Snake:3  | Mangled by a shock serpent (14 damage)
 21491 | Snake:3  | Killed from afar by a shock serpent (27 damage)
                  | ... with a bolt of electricity
 21497 | Snake:3  | Killed from afar by a shock serpent (22 damage)
                  | ... with a bolt of electricity
 21508 | Snake:3  | Slain by an anaconda (16 damage)
 21522 | Snake:3  | HP: 9/180 [naga mage/+0 spear (5)]
 21524 | Snake:3  | HP: 3/180 [poisoned by a naga mage (splash of poison)]
 21525 | Snake:3  | Mangled by a naga mage
                  | ... wielding a +0 halberd
                  | (13 damage)
 21850 | Snake:3  | Identified the +0 ring mail "Cygut" {Rampage rF+ rC+}
 22260 | Snake:4  | Entered Level 4 of the Snake Pit
 22275 | Snake:4  | HP: 5/180 [shock serpent/electric aura (7)]
 22275 | Snake:4  | HP: 1/180 [constriction (2)]
 22276 | Snake:4  | Killed from afar by a shock serpent (11 damage)
                  | ... with an electric aura
 22284 | Snake:4  | Demolished by a naga warrior
                  | ... wielding a +0 flail
                  | (30 damage)
 22289 | Snake:4  | HP: 5/180 [naga/+0 dire flail (28)]
 22289 | Snake:4  | HP: 1/180 [constriction (4)]
 22290 | Snake:4  | Annihilated by a naga warrior
                  | ... wielding a +0 flail
                  | (45 damage)
 22293 | Snake:4  | Slain by a shock serpent (7 damage)
 22298 | Snake:4  | Mangled by a nagaraja
                  | ... wielding a +0 club
                  | (37 damage)
 22300 | Snake:4  | Slain by a naga warrior
                  | ... wielding a +0 flail
                  | (28 damage)
 22302 | Snake:4  | Slain by a naga
                  | ... wielding a +0 dire flail
                  | (36 damage)
 22304 | Snake:4  | Annihilated by a naga warrior
                  | ... wielding a +0 flail
                  | (46 damage)
 22307 | Snake:4  | HP: 1/180 [shock serpent (13)]
 22307 | Snake:4  | Mangled by a shock serpent (11 damage)
 22310 | Snake:4  | Killed from afar by a nagaraja (13 damage)
                  | ... with a poison arrow
 22311 | Snake:4  | Slain by a shock serpent (11 damage)
 22312 | Snake:4  | Mangled by a nagaraja
                  | ... wielding a +0 spear
                  | (30 damage)
 22314 | Snake:4  | HP: 5/180 [nagaraja/+0 spear (35)]
 22314 | Snake:4  | Shot with a bolt by a naga sharpshooter (6 damage)
 22316 | Snake:4  | Shot with an arrow by a naga sharpshooter (9 damage)
 22318 | Snake:4  | Slain by a nagaraja
                  | ... wielding a +0 club
                  | (40 damage)
 22319 | Snake:4  | HP: 8/180 [naga sharpshooter/arrow (26)]
 22319 | Snake:4  | Mangled by a nagaraja
                  | ... wielding a +0 spear
                  | (15 damage)
 22321 | Snake:4  | Mangled by a naga ritualist
                  | ... wielding a +1 trident of flaming
                  | (21 damage)
 22322 | Snake:4  | Demolished by a naga warrior
                  | ... wielding a +0 trident
                  | (33 damage)
 22325 | Snake:4  | HP: 7/180 [naga warrior/+0 flail (11)]
 22325 | Snake:4  | Mangled by a naga ritualist
                  | ... wielding a +1 trident of flaming
                  | (12 damage)
 22326 | Snake:4  | Demolished by a naga warrior
                  | ... wielding a +0 trident
                  | (30 damage)
 22328 | Snake:4  | Shot with an arrow by a naga sharpshooter (19 damage)
 22329 | Snake:4  | Mangled by a naga warrior
                  | ... wielding a +2 short sword of protection
                  | (15 damage)
 22331 | Snake:4  | HP: 7/180 [constriction (4)]
 22331 | Snake:4  | Shot with an arrow by a naga sharpshooter (19 damage)
 22332 | Snake:4  | Slain by a naga warrior
                  | ... wielding a +2 short sword of protection
                  | (25 damage)
 22333 | Snake:4  | Reached skill level 24 in Unarmed Combat
 22333 | Snake:4  | Slain by a naga ritualist
                  | ... wielding a +0 glaive
                  | (33 damage)
 22335 | Snake:4  | Slain by a naga warrior
                  | ... wielding a +0 trident
                  | (18 damage)
 22337 | Snake:4  | HP: 5/180 [guardian serpent (8)]
 22337 | Snake:4  | Annihilated by a naga ritualist
                  | ... wielding a +0 glaive
                  | (30 damage)
 22338 | Snake:4  | Slain by a naga ritualist
                  | ... wielding a +1 trident of flaming
                  | (10 damage)
 22341 | Snake:4  | Constricted to death by a naga warrior (5 damage)
 22344 | Snake:4  | Demolished by a naga warrior
                  | ... wielding a +0 trident
                  | (36 damage)
 22345 | Snake:4  | HP: 1/180 [naga ritualist/+1 trident of flaming (22)]
 22345 | Snake:4  | Shot with an arrow by a naga sharpshooter (20 damage)
 22347 | Snake:4  | Shot with an arrow by a naga sharpshooter (21 damage)
 22348 | Snake:4  | Mangled by a naga warrior
                  | ... wielding a +0 trident
                  | (14 damage)
 22350 | Snake:4  | HP: 5/180 [shock serpent (12)]
 22350 | Snake:4  | Demolished by a naga ritualist
                  | ... wielding a +0 glaive
                  | (22 damage)
 22351 | Snake:4  | Shot with an arrow by a naga sharpshooter (18 damage)
 22353 | Snake:4  | Shot with an arrow by a naga sharpshooter (18 damage)
 22355 | Snake:4  | Shot with an arrow by a naga sharpshooter (22 damage)
 22356 | Snake:4  | HP: 7/180 [naga sharpshooter/arrow (10)]
 22356 | Snake:4  | HP: 3/180 [salamander mystic/+0 quarterstaff (2)]
 22356 | Snake:4  | Demolished by a guardian serpent (18 damage)
 22359 | Snake:4  | HP: 1/180 [shock serpent (14)]
 22359 | Snake:4  | Mangled by a shock serpent (12 damage)
 22360 | Snake:4  | Annihilated by a naga sharpshooter
                  | ... wielding a +0 morningstar
                  | (27 damage)
 22363 | Snake:4  | Mangled by a black mamba (13 damage)
 22364 | Snake:4  | HP: 2/180 [naga mage/+0 spear (18)]
 22365 | Snake:4  | Succumbed to a naga sharpshooter's splash of poison
 22366 | Snake:4  | Mangled by a naga ritualist
                  | ... wielding a +0 glaive
                  | (17 damage)
 22368 | Snake:4  | Demolished by a naga sharpshooter
                  | ... wielding a +0 mace
                  | (24 damage)
 22369 | Snake:4  | HP: 4/180 [naga sharpshooter/arrow (19)]
 22369 | Snake:4  | Shot with a bolt by a naga sharpshooter (22 damage)
 22370 | Snake:4  | Asphyxiated
 22371 | Snake:4  | Mangled by a salamander mystic
                  | ... wielding a +0 quarterstaff
                  | (9 damage)
 22372 | Snake:4  | Shot with an arrow by a naga sharpshooter (22 damage)
 22373 | Snake:4  | Slain by a naga mage
                  | ... wielding a +0 halberd
                  | (22 damage)
 22374 | Snake:4  | HP: 8/180 [naga mage/+0 spear (6)]
 22374 | Snake:4  | Shot with an arrow by a naga sharpshooter (13 damage)
 22375 | Snake:4  | HP: 3/180 [naga sharpshooter/arrow (17)]
 22375 | Snake:4  | Shot with an arrow by a naga sharpshooter (20 damage)
 22376 | Snake:4  | Slain by a naga mage
                  | ... wielding a +0 spear
                  | (13 damage)
 22378 | Snake:4  | Slain by a black mamba (13 damage)
 22380 | Snake:4  | HP: 7/180 [naga sharpshooter/arrow (22)]
 22381 | Snake:4  | Succumbed to a naga ritualist's toxic radiance
 22383 | Snake:4  | Shot with a bolt by a naga sharpshooter (16 damage)
 22385 | Snake:4  | HP: 2/182 [naga mage/+0 spear (13)]
 22385 | Snake:4  | Constricted to death by a naga (2 damage)
 22389 | Snake:4  | Succumbed to a naga mage's bolt of poison
 22393 | Snake:4  | Succumbed to a naga ritualist's toxic radiance
 22399 | Snake:4  | HP: 3/182 [poisoned by a naga ritualist (toxic radiance)]
 22399 | Snake:4  | Killed from afar by a naga mage (13 damage)
                  | ... with a bolt of poison
 22405 | Snake:4  | HP: 5/182 [poisoned by a naga ritualist (toxic radiance)]
 22405 | Snake:4  | Shot with an arrow by a naga sharpshooter (16 damage)
 22414 | Snake:4  | HP: 6/182 [naga/splash of poison (4)]
 22414 | Snake:4  | Asphyxiated
 22419 | Snake:4  | Succumbed to a naga mage's bolt of poison
 22422 | Snake:4  | Slain by a naga sharpshooter
                  | ... wielding a +1 glaive of venom
                  | (25 damage)
 22426 | Snake:4  | HP: 6/182 [poisoned by a naga ritualist (toxic radiance)]
 22426 | Snake:4  | HP: 2/182 [naga ritualist/Olgreb's Toxic Radiance (3)]
 22426 | Snake:4  | Annihilated by a naga warrior
                  | ... wielding a +0 trident
                  | (25 damage)
 22430 | Snake:4  | Slain by a naga warrior
                  | ... wielding a +0 trident
                  | (10 damage)
 22435 | Snake:4  | Mangled by a naga warrior
                  | ... wielding a +0 trident
                  | (27 damage)
 22442 | Snake:4  | Mangled by a naga warrior
                  | ... wielding a +0 trident
                  | (31 damage)
 22450 | Snake:4  | Annihilated by a naga warrior
                  | ... wielding a +0 trident
                  | (33 damage)
 22457 | Snake:4  | HP: 4/182 [naga sharpshooter/bolt (8)]
 22458 | Snake:4  | Constricted to death by a naga warrior (6 damage)
 22466 | Snake:4  | HP: 9/182 [naga/+0 trident (13)]
 22467 | Snake:4  | Mangled by a naga
                  | ... wielding a +0 trident
                  | (21 damage)
 22581 | Snake:4  | Found Walomo's Antique Weapon Emporium.
 22592 | Snake:4  | HP: 8/182 [shock serpent (16)]
 22592 | Snake:4  | Slain by a shock serpent (13 damage)
 23024 | Snake:4  | Got a serpentine rune of Zot
 23190 | Snake:4  | Reached XP level 18. HP: 177/191 MP: 17/17
 23272 | Snake:4  | Found a transporter.
 23272 | Snake:4  | Found a transporter.
 23286 | Snake:4  | Found a bloodstained altar of Trog.
 23351 | Snake:4  | Noticed Pyess's ghost (adept AtFi)
 23408 | Snake:4  | Slain by Pyess's ghost (25 damage)
 23412 | Snake:4  | Killed Pyess's ghost
 23417 | Snake:4  | Demolished by a naga warrior
                  | ... wielding a +1 war axe of flaming
                  | (51 damage)
 23436 | Snake:4  | Identified the amulet of Hard Scrabble {Reflect +Inv Dex+3
                  | SH+5}
 23874 | D:12     | Found a transporter.
 23876 | D:12     | Found Atixus's Armour Emporium.
 23901 | D:12     | Found a transporter.
 24446 | D:13     | Found a gate to the Vaults.
 24460 | D:13     | HP: 1/192 [vault guard/+0 war axe (15)]
 24462 | D:13     | Slain by a vault guard
                  | ... wielding a +0 war axe
                  | (8 damage)
 24496 | D:13     | HP: 2/192 [cyclops (19)]
 24571 | Vaults:1 | Entered Level 1 of the Vaults
 24684 | Vaults:1 | Found a crumbling gateway.
 24731 | Vaults:1 | Reached skill level 25 in Unarmed Combat
 24852 | Vaults:1 | Reached skill level 15 in Fighting
 24900 | Vaults:1 | Identified the +1 chain mail of Weightlessness {Int+5}
 25530 | Vaults:1 | Noticed Saint Roka
 25546 | Vaults:1 | Killed Saint Roka
 25910 | Vaults:2 | HP: 6/193 [yaktaur/bolt (9)]
 25910 | Vaults:2 | Shot with a bolt by a yaktaur (8 damage)
 26143 | Vaults:2 | Reached XP level 19. HP: 140/201 MP: 18/18
 26159 | Vaults:2 | Noticed Asterion
 26175 | Vaults:2 | Killed Asterion
 26187 | Vaults:2 | Killed from afar by an ironbound frostheart (24 damage)
                  | ... by creeping frost
 26196 | Vaults:2 | HP: 1/201 [ironbound thunderhulk/bolt of lightning (37)]
 26196 | Vaults:2 | Mangled by an ironbound frostheart (12 damage)
 26211 | Vaults:2 | HP: 1/201 [slime creature (10)]
 26212 | Vaults:2 | Slain by a centaur warrior (7 damage)
 26216 | Vaults:2 | HP: 9/201 [centaur warrior (2)]
 26216 | Vaults:2 | HP: 3/201 [yaktaur (6)]
 26217 | Vaults:2 | Slain by a centaur warrior (9 damage)
 26222 | Vaults:2 | Paralysed by a great orb of eyes for 3 turns
 26225 | Vaults:2 | Slain by a slime creature (18 damage)
 26230 | Vaults:2 | HP: 8/202 [ironbound frostheart/creeping frost (28)]
 26233 | Vaults:2 | Killed from afar by an ironbound thunderhulk (65 damage)
                  | ... with a bolt of lightning
 26239 | Vaults:2 | HP: 4/202 [ironbound frostheart (17)]
 26240 | Vaults:2 | Mangled by a slime creature (14 damage)
 26267 | Vaults:2 | Reached XP level 20. HP: 211/211 MP: 19/19
 27081 | Vaults:3 | Demolished by a titanic slime creature (46 damage)
 27090 | Vaults:3 | HP: 8/213 [great orb of eyes (5)]
 27092 | Vaults:3 | Annihilated by a large slime creature (32 damage)
 27279 | Vaults:3 | Reached skill level 5 in Armour
 27722 | Vaults:3 | Found a staircase to the Crypt.
 27722 | Vaults:3 | Paralysed by a vampire knight for 4 turns
 27725 | Vaults:3 | HP: 8/191 [vampire knight/+2 war axe (20)]
 27725 | Vaults:3 | Slain by a vampire knight
                  | ... wielding a +2 war axe
                  | (9 damage)
                  | ... while paralysed by a vampire knight
 28129 | Vaults:4 | Reached skill level 5 in Dodging
 28175 | Vaults:4 | Identified the +1 scale mail "Refa" {Drain rCorr Int+8
                  | SInv}
 28683 | Vaults:4 | Slain by an ironbound convoker
                  | ... wielding a +0 quarterstaff
                  | (21 damage)
 28691 | Vaults:4 | HP: 2/201 [ironbound preserver/+0 shortbow of draining
                  | (14)]
 28691 | Vaults:4 | Annihilated by a titan (59 damage)
 29575 | D:13     | Found Ciute's Weapon Shoppe.
 29861 | D:14     | Reached XP level 21. HP: 208/222 MP: 20/20
 30336 | D:14     | Noticed Josephine
 30342 | D:14     | Killed Josephine
 30564 | D:15     | Entered Level 15 of the Dungeon
 30572 | D:15     | Identified the +1 long sword of Articulation {heavy, Str+3}
 30861 | D:15     | Found a staircase to the Depths.
 31528 | Depths:1 | Entered Level 1 of the Depths
 31528 | Depths:1 | Noticed Mara
 31533 | Depths:1 | Killed Mara
 31554 | Depths:1 | HP: 7/223 [poisoned by a green very ugly thing]
 31554 | Depths:1 | HP: 2/223 [green very ugly thing (5)]
 31554 | Depths:1 | Mangled by a green very ugly thing (11 damage)
 31614 | Depths:1 | Found a shimmering altar of Xom.
 32015 | Depths:1 | You fall into a shaft and drop 1 floor!
 32125 | Depths:2 | HP: 8/223 [hell knight/+4 broad axe (7)]
 32130 | Depths:2 | HP: 1/223 [hell knight/+2 demon blade of pain (13)]
 32130 | Depths:2 | Slain by a hell knight
                  | ... wielding a +2 demon blade of pain
                  | (1 damage)
 32183 | Depths:2 | Paralysed by a floating eye for 4 turns
 32192 | Depths:2 | Paralysed by a floating eye for 2 turns
 32194 | Depths:2 | HP: 4/223 [fire giant/+1 great sword of flaming (36)]
 32199 | Depths:2 | Mangled by a fire giant
                  | ... wielding a +0 great sword of flaming
                  | (22 damage)
 32374 | Depths:2 | Found a gateway to Hell.
 32545 | Depths:2 | Found Muuja's Antique Armour Emporium.
 32671 | Depths:2 | Reached skill level 10 in Armour
 32691 | Depths:2 | Found a one-way gateway to a ziggurat.
 32694 | Depths:2 | Paralysed by a floating eye for 4 turns
 32699 | Depths:2 | Paralysed by a floating eye for 3 turns
 32704 | Depths:2 | Paralysed by a floating eye for 2 turns
 32711 | Depths:2 | Paralysed by a floating eye for 4 turns
 32719 | Depths:2 | Paralysed by a floating eye for 2 turns
 32781 | Depths:2 | Paralysed by a floating eye for 2 turns
 32787 | Depths:2 | Paralysed by a floating eye for 4 turns
 32795 | Depths:2 | Paralysed by a floating eye for 2 turns
 32962 | Depths:3 | Noticed a caustic shrike
 32976 | Depths:3 | HP: 7/194 [tentacled monstrosity (17)]
 32976 | Depths:3 | Constricted to death by a tentacled monstrosity (9 damage)
 32982 | Depths:3 | Killed a caustic shrike
 32987 | Depths:3 | Slain by a tentacled monstrosity (13 damage)
 32998 | Depths:3 | HP: 2/183 [stone giant (14)]
 32998 | Depths:3 | Slain by a shadow dragon (7 damage)
 33008 | Depths:3 | Reached XP level 22. HP: 149/204 MP: 21/21
 33027 | Depths:3 | Reached skill level 10 in Dodging
 33048 | Depths:3 | HP: 1/223 [iron dragon (20)]
 33049 | Depths:3 | Slain by a stone giant (5 damage)
 33071 | Depths:3 | Got the Treatise on Talus
 33116 | Depths:3 | Identified the staff of earth "Puqawuis" {rPois Dex+7
                  | Stlth+}
 33392 | Depths:3 | Found a one-way gate leading to the halls of Pandemonium.
 33505 | Depths:3 | Found Cevvimoq's Magic Scroll Shoppe.
 33527 | Depths:3 | Bought a scroll of enchant armour for 135 gold pieces
 34023 | Depths:3 | Found a corrupted altar of Lugonu.
 34023 | Depths:3 | Found a one-way gate to the infinite horrors of the Abyss.
 34057 | Depths:3 | Found a portal to a secret trove of treasure.
 34239 | Depths:4 | Entered Level 4 of the Depths
 34262 | Depths:4 | HP: 6/187 [spectral caustic shrike (10)]
 34264 | Depths:4 | Mangled by a spectral caustic shrike (18 damage)
 34283 | Depths:4 | HP: 7/155 [spectral caustic shrike (9)]
 34283 | Depths:4 | HP: 3/151 [spectral caustic shrike (1)]
 34287 | Depths:4 | Slain by a spectral caustic shrike (15 damage)
 34353 | Depths:4 | Noticed a caustic shrike
 34354 | Depths:4 | Noticed a caustic shrike
 34354 | Depths:4 | Noticed a caustic shrike
 34366 | Depths:4 | HP: 6/167 [caustic shrike (27)]
 34366 | Depths:4 | HP: 2/167 [acid (4)]
 34366 | Depths:4 | Demolished by a caustic shrike (22 damage)
 34369 | Depths:4 | Killed a caustic shrike
 34374 | Depths:4 | Killed a caustic shrike
 34376 | Depths:4 | Killed a caustic shrike
 34378 | Depths:4 | Slain by a spark wasp (26 damage)
 34440 | Depths:4 | Found an iron altar of Okawaru.
 34566 | Depths:4 | Found a gate to the Realm of Zot.
 34566 | Depths:4 | Noticed a golden dragon
 34579 | Depths:4 | Killed a golden dragon
 34828 | Depths:4 | Found Rodaig's Magic Scroll Emporium.
 34971 | Depths:4 | Noticed a golden dragon
 34992 | Depths:4 | Mangled by a frost giant
                  | ... wielding a +2 battleaxe of freezing
                  | (36 damage)
 34994 | Depths:4 | Killed a golden dragon
 35003 | Depths:4 | HP: 3/236 [stone giant (15)]
 35004 | Depths:4 | Slain by a deep troll (7 damage)
 35113 | Depths:4 | Found an ancient bone altar of Kikubaaqudgha.
 35852 | Depths:2 | Paralysed by a floating eye for 2 turns
 35984 | Depths:2 | Paralysed by a floating eye for 2 turns
 35990 | Depths:2 | Paralysed by a floating eye for 2 turns
 36040 | Depths:1 | HP: 7/236 [spriggan berserker/+0 broad axe (43)]
 36041 | Depths:1 | Mangled by a deep troll (19 damage)
 36063 | Depths:1 | Reached XP level 23. HP: 45/239 MP: 22/22
 36861 | Vaults:5 | Entered Level 5 of the Vaults
 36877 | Vaults:5 | HP: 11/245 [vault warden/+0 great mace of draining (11)]
 36877 | Vaults:5 | Slain by a vault guard
                  | ... wielding a +0 great sword
                  | (14 damage)
 36891 | Vaults:5 | HP: 9/245 [freezing wraith (8)]
 36891 | Vaults:5 | Mangled by a vault guard
                  | ... wielding a +0 great sword
                  | (21 damage)
 36896 | Vaults:5 | HP: 5/245 [vault guard/+0 great sword (19)]
 36896 | Vaults:5 | Mangled by a vault guard
                  | ... wielding a +0 war axe
                  | (14 damage)
 36901 | Vaults:5 | HP: 8/245 [poisoned by a vault guard]
 36901 | Vaults:5 | Mangled by a vault guard
                  | ... wielding a +0 bardiche
                  | (19 damage)
 36906 | Vaults:5 | HP: 6/245 [tentacled monstrosity (8)]
 36906 | Vaults:5 | HP: 1/245 [tentacled monstrosity (3)]
 36906 | Vaults:5 | Constricted to death by a tentacled monstrosity (8 damage)
 36910 | Vaults:5 | Mangled by a vault guard
                  | ... wielding a +0 great sword
                  | (20 damage)
 36914 | Vaults:5 | Slain by a vault guard
                  | ... wielding a +4 great mace
                  | (23 damage)
 36920 | Vaults:5 | HP: 11/245 [vault guard/+0 war axe (13)]
 36920 | Vaults:5 | Mangled by a vault guard
                  | ... wielding a +4 great mace
                  | (24 damage)
 36928 | Vaults:5 | HP: 8/245 [vault guard/+0 war axe (12)]
 36928 | Vaults:5 | Mangled by a vault guard
                  | ... wielding a +1 halberd of venom
                  | (19 damage)
 36937 | Vaults:5 | HP: 7/245 [vault guard/+0 long sword (8)]
 36937 | Vaults:5 | Slain by a tentacled monstrosity (8 damage)
 37081 | Vaults:5 | Noticed a dread lich
 37087 | Vaults:5 | Paralysed by something for 2 turns
 37096 | Vaults:5 | Killed a dread lich
 37113 | Vaults:5 | Identified the +0 hand axe "Gosaclong" {freeze, +Blink
                  | rElec rPois rC-}
 37194 | Vaults:5 | Got Koqeupp's Precepts of the Igneous Gestalt
 37211 | Vaults:5 | Noticed Jory
 37213 | Vaults:5 | Noticed Margery
 37222 | Vaults:5 | HP: 7/240 [Margery/+5 demon trident (15)]
 37223 | Vaults:5 | Slain by a hell knight
                  | ... wielding a +4 long sword
                  | ... led by Margery
                  | (14 damage)
 37224 | Vaults:5 | Killed Jory
 37230 | Vaults:5 | Killed Margery
 37271 | Vaults:5 | Killed from afar by a frost giant (18 damage)
                  | ... with a bolt of cold
 37316 | Vaults:5 | Mangled by a vault warden
                  | ... wielding a +1 great sword of protection
                  | (41 damage)
 37385 | Vaults:5 | Reached skill level 26 in Unarmed Combat
 37635 | Vaults:5 | HP: 8/247 [storm dragon (11)]
 37635 | Vaults:5 | HP: 3/247 [storm dragon (5)]
 37640 | Vaults:5 | HP: 6/247 [poisoned by a vault warden]
 37642 | Vaults:5 | Annihilated by a vault warden
                  | ... wielding a +3 long sword
                  | (31 damage)
 37668 | Vaults:5 | Identified the +0 flail "Siocsezo" {drain, rF+ Str+3}
 37870 | Vaults:5 | Found Ohuddin's Magic Scroll Boutique.
 37873 | Vaults:5 | Found Hugoohei's Magic Scroll Shoppe.
 37899 | Vaults:5 | HP: 6/247 [tengu reaver/+1 long sword of flaming (30)]
 37906 | Vaults:5 | HP: 8/247 [tengu reaver/+1 long sword of flaming (8)]
 37909 | Vaults:5 | Killed from afar by a tengu reaver (28 damage)
                  | ... with a bolt of acid
 37943 | Vaults:5 | Found Peask's Distillery.
 37970 | Vaults:5 | Found Rur Loum's Distillery.
 38006 | Vaults:5 | Found Dyanuati's Distillery.
 38007 | Vaults:5 | Found Duuh's Distillery.
 38249 | Vaults:5 | Reached XP level 24. HP: 196/240 MP: 22/22
 38409 | Vaults:5 | Got a silver rune of Zot
 38655 | Depths:2 | Paralysed by a floating eye for 3 turns
 38660 | Depths:2 | Paralysed by a floating eye for 3 turns
 38666 | Depths:2 | Paralysed by a floating eye for 2 turns
 38748 | Zot:1    | Entered Level 1 of the Realm of Zot
 38856 | Zot:1    | Lost mutation: You have sharp toenails. [potion of
                  | mutation]
 38856 | Zot:1    | Lost mutation: Your flesh is heat resistant. (rF+) [potion
                  | of mutation]
 38856 | Zot:1    | Gained mutation: You are strong-willed. (Will+) [potion of
                  | mutation]
 38856 | Zot:1    | Gained mutation: You are occasionally teleported next to
                  | monsters. [potion of mutation]
 38856 | Zot:1    | Gained mutation: You have hidden genetic defects. [potion
                  | of mutation]
 38856 | Zot:1    | Gained mutation: Your flesh is heat resistant. (rF+)
                  | [potion of mutation]
 38857 | Zot:1    | Lost mutation: Your flesh is heat resistant. (rF+) [potion
                  | of mutation]
 38857 | Zot:1    | Lost mutation: You have hidden genetic defects. [potion of
                  | mutation]
 38857 | Zot:1    | Lost mutation: You are strong-willed. (Will+) [potion of
                  | mutation]
 38857 | Zot:1    | Gained mutation: You are weak. (Str -2) [potion of
                  | mutation]
 38858 | Zot:1    | Lost mutation: You are weak. (Str -2) [potion of mutation]
 38858 | Zot:1    | Lost mutation: You are occasionally teleported next to
                  | monsters. [potion of mutation]
 38858 | Zot:1    | Gained mutation: Your spells are a little harder to cast,
                  | but a little more powerful. [potion of mutation]
 38858 | Zot:1    | Gained mutation: Your magical capacity is low. (-10% MP)
                  | [potion of mutation]
 38858 | Zot:1    | Gained mutation: You have a pair of small horns on your
                  | head. [potion of mutation]
 38859 | Zot:1    | Lost mutation: Your spells are a little harder to cast, but
                  | a little more powerful. [potion of mutation]
 38859 | Zot:1    | Lost mutation: Your magical capacity is low. (-10% MP)
                  | [potion of mutation]
 38859 | Zot:1    | Lost mutation: You have a pair of small horns on your head.
                  | [potion of mutation]
 38859 | Zot:1    | Gained mutation: Your spells are a little harder to cast,
                  | but a little more powerful. [potion of mutation]
 38859 | Zot:1    | Gained mutation: You have a pair of small antennae on your
                  | head. [potion of mutation]
 38860 | Zot:1    | Lost mutation: Your spells are a little harder to cast, but
                  | a little more powerful. [potion of mutation]
 38860 | Zot:1    | Lost mutation: You have a pair of small antennae on your
                  | head. [potion of mutation]
 38860 | Zot:1    | Gained mutation: You are agile. (Dex +4, Str/Int -1)
                  | [potion of mutation]
 38860 | Zot:1    | Gained mutation: You are very agile. (Dex +8, Str/Int -2)
                  | [potion of mutation]
 38860 | Zot:1    | Gained mutation: You possess an exceptional clarity of
                  | mind. [potion of mutation]
 39736 | Zot:2    | HP: 12/245 [red draconian] (3)]
 39741 | Zot:2    | HP: 11/245 [red draconian] (3)]
 39742 | Zot:2    | HP: 4/245 [black draconian/+0 dire flail (8)]
 39742 | Zot:2    | Killed from afar by a red draconian (5 damage)
                  | ... with a searing blast
 39855 | Zot:2    | Found a runed translucent gate.
 39855 | Zot:2    | Found a runed translucent gate.
 39856 | Zot:2    | Found a runed translucent gate.
 39859 | Zot:2    | Noticed Jiorhin's ghost (legendary TrBe)
 39891 | Zot:2    | Reached skill level 15 in Armour
 40040 | Zot:2    | Noticed a Killer Klown
 40074 | Zot:2    | Killed a Killer Klown
 40207 | Zot:2    | Reached skill level 15 in Dodging
 40604 | Zot:2    | Found a viscous altar of Jiyva.
 40693 | Zot:3    | Noticed an orb of fire
 40699 | Zot:3    | Gained mutation: Your body sometimes deteriorates upon
                  | taking damage. [an orb of fire]
 40703 | Zot:3    | Killed an orb of fire
 40736 | Zot:3    | HP: 9/256 [storm dragon (6)]
 40736 | Zot:3    | HP: 2/256 [purple draconian/+0 mace[a yellow draconian
                  | annihilator] (7)]
 40739 | Zot:3    | Killed from afar by a storm dragon (31 damage)
                  | ... with a bolt of lightning
 40766 | Zot:3    | Reached skill level 27 in Unarmed Combat
 40768 | Zot:3    | Killed from afar by a black draconian (26 damage)
                  | ... with a bolt of lightning
                  | ... led by a yellow draconian annihilator
 41271 | Zot:3    | Killed from afar by a black draconian (32 damage)
                  | ... with a bolt of lightning
 41571 | Zot:3    | Killed from afar by a black draconian knight (52 damage)
                  | ... with a bolt of lightning
                  | ... led by a green draconian monk
 41578 | Zot:3    | HP: 3/251 [purple draconian/bolt of dispelling energy[a
                  | green draconian monk] (41)]
 41578 | Zot:3    | Annihilated by a purple draconian
                  | ... wielding a +0 halberd
                  | ... led by a green draconian monk
                  | (25 damage)
 41594 | Zot:3    | Killed from afar by a black draconian knight (34 damage)
                  | ... with a shard of ice
                  | ... led by a red draconian scorcher
 41603 | Zot:3    | Slain by a red draconian
                  | ... wielding a +0 scimitar
                  | ... led by a red draconian scorcher
                  | (34 damage)
 41639 | Zot:3    | HP: 9/256 [green draconian/+0 glaive (9)]
 41640 | Zot:3    | HP: 4/256 [green draconian/+0 glaive (7)]
 41642 | Zot:3    | Demolished by a green draconian
                  | ... wielding a +0 glaive
                  | (25 damage)
 42178 | Zot:4    | Identified the +3 halberd of Ratuthruy {flame, Fly rPois
                  | MP-9}
 42295 | Zot:4    | Reached XP level 25. HP: 241/263 MP: 22/22
 42495 | Zot:4    | HP: 8/263 [black draconian/bolt of lightning[a white
                  | draconian stormcaller] (24)]
 42495 | Zot:4    | Slain by a green draconian monk (11 damage)
                  | ... led by a white draconian stormcaller
 42916 | Zot:5    | Entered Level 5 of the Realm of Zot
 43267 | Zot:5    | Noticed a dread lich
 43274 | Zot:5    | Noticed a dread lich
 43278 | Zot:5    | Noticed a Killer Klown
 43280 | Zot:5    | Paralysed by something for 5 turns
 43280 | Zot:5    | Noticed an orb of fire
 43280 | Zot:5    | HP: 4/259 [Orb Guardian (10)]
 43280 | Zot:5    | Annihilated by an Orb Guardian (29 damage)
                  | ... while paralysed by a dread lich
 43282 | Zot:5    | Noticed an orb of fire
 43284 | Zot:5    | Slain by an Orb Guardian (18 damage)
                  | ... while paralysed by a dread lich
 43297 | Zot:5    | Mangled by an Orb Guardian (26 damage)
 43299 | Zot:5    | Gained mutation: You are weak. (Str -2) [an orb of fire]
 43300 | Zot:5    | Gained mutation: You are very weak. (Str -4) [an orb of
                  | fire]
 43301 | Zot:5    | Noticed an ancient lich
 43308 | Zot:5    | Slain by an electric golem (21 damage)
 43314 | Zot:5    | Killed a Killer Klown
 43318 | Zot:5    | Killed an ancient lich
 43322 | Zot:5    | HP: 7/263 [red draconian/+0 halberd[a red draconian
                  | scorcher] (9)]
 43322 | Zot:5    | Killed from afar by a black draconian knight (34 damage)
                  | ... with a shard of ice
                  | ... led by a red draconian scorcher
 43324 | Zot:5    | Gained mutation: Your body often deteriorates upon taking
                  | damage. [an orb of fire]
 43328 | Zot:5    | Gained mutation: You are dopey. (Int -2) [mutagenic glow]
 43338 | Zot:5    | Killed from afar by a black draconian (41 damage)
                  | ... with a bolt of lightning
                  | ... led by a red draconian scorcher
 43339 | Zot:5    | Gained mutation: You are frail. (-10% HP) [an orb of fire]
 43345 | Zot:5    | Noticed an ancient lich
 43347 | Zot:5    | Gained mutation: You occasionally shout uncontrollably at
                  | your foes. [an orb of fire]
 43355 | Zot:5    | Killed an orb of fire
 43365 | Zot:5    | Gained mutation: You are very frail. (-20% HP) [mutagenic
                  | glow]
 43377 | Zot:5    | Noticed a dread lich
 43400 | Zot:5    | Paralysed by a dread lich for 4 turns
 43400 | Zot:5    | HP: 2/180 [balrug/+3 demon whip of draining[a dread lich]
                  | (18)]
 43400 | Zot:5    | Slain by a balrug
                  | ... wielding a +3 demon whip of draining
                  | ... summoned by a dread lich
                  | (4 damage)
                  | ... while paralysed by a dread lich
 43412 | Zot:5    | Killed a dread lich
 43427 | Zot:5    | Killed an ancient lich
 43431 | Zot:5    | Mangled by an Orb Guardian (33 damage)
 43476 | Zot:5    | Slain by an Orb Guardian (31 damage)
 43485 | Zot:5    | Killed from afar by a storm dragon (37 damage)
                  | ... with a bolt of lightning
 43491 | Zot:5    | Lost mutation: You are very agile. (Dex +8, Str/Int -2)
                  | [mutagenic glow]
 43497 | Zot:5    | Noticed a dread lich
 43505 | Zot:5    | Killed a dread lich
 43508 | Zot:5    | Mangled by an Orb Guardian (38 damage)
 43529 | Zot:5    | Got the Orb of Zot
 43550 | Zot:5    | Noticed an ancient lich
 43571 | Zot:5    | Noticed Jatsuy the pandemonium lord
 43592 | Zot:5    | Killed a dread lich
 43597 | Zot:5    | Killed Jatsuy the pandemonium lord
 43604 | Zot:5    | Killed a dread lich
 43604 | Zot:5    | Noticed Sumosusa the pandemonium lord
 43628 | Zot:5    | HP: 10/210 [Sumosusa the pandemonium lord (11)]
 43633 | Zot:5    | Mangled by Sumosusa the pandemonium lord (27 damage)
 43664 | Zot:5    | Killed Sumosusa the pandemonium lord
 43960 | Depths:3 | Noticed Alemax the pandemonium lord
 43977 | Depths:3 | Killed Alemax the pandemonium lord
 44541 | D:$      | Escaped with the Orb!

Illustrated notes

Levels and vault maps discovered:
D:1:      dpeg_arrival_orchard, layout_basic
D:2:      layout_loops_corners, uniq_natasha, uniq_crazy_yiuf_cottage
D:3:      layout_basic, serial_shops, nicolae_shop_stone, shop
D:4:      layout_basic, nicolae_figureground_sparkle, uniq_sigmund, uniq_robin,
          uniq_blork_the_orc
D:5:      layout_cave_pools, nicolae_ru_path_of_blood, minmay_quadrilaterals,
          uniq_menkaure, uniq_ijyb
D:6:      cheibrodos_barr_body, layout_rooms, lemuel_doored_altar,
          minmay_temple_entry_large_hall, hangedman_decor_growths,
          minmay_fractal_squares_gapless_5
D:7:      layout_basic, mainiacjoe_overflow_big_doors, lemuel_tele_altar,
          zin_scriptorium, nicolae_figureground_pulse, uniq_duvessa
D:8:      layout_loops_cross, minmay_lair_entry_grove, serial_demonic,
          serial_demonic_f, serial_demonic_e, serial_demonic_b,
          serial_demonic_d, serial_demonic_g, serial_demonic_f, uniq_pikel,
          uniq_joseph, uniq_grum, uniq_erica
D:9:      layout_irregular_city, mainiacjoe_overflow_catwalk_spiral,
          gammafunk_ghost_smash, serial_bayou_crossing
D:10:     layout_cross, minmay_rotating_lava, uniq_harold
D:11:     layout_cave_pools, david_orc_1_choice
D:12:     layout_rooms, serial_shops, nicolae_shop_drivethru,
          minmay_strange_pillars
D:13:     layout_irregular_city, lightli_vaults_fourway_checkpoint,
          serial_shops, nicolae_shop_temple_entry_statues_fountains
D:14:     layout_roguey, nicolae_titane, uniq_josephine
D:15:     grunt_enter_depths_snipers, layout_long_grid, gauntlet_entry_generic
Temple:   nicolae_temple_great_sept
Lair:1:   layout_cave_pods, beast_lair_carwin_2, serial_bayou_shore_b,
          lemuel_fruit_tree, uniq_fannar
Lair:2:   layout_loops_ring, serial_forest, infiniplex_forest_clump_small,
          infiniplex_forest_lined_1, infiniplex_forest_corner_2,
          infiniplex_forest_lined_4_way, infiniplex_forest_clump_medium,
          infiniplex_forest_clump_large, infiniplex_forest_clump_tiny,
          infiniplex_forest_clump_double, infiniplex_forest_lined_ring,
          infiniplex_forest_clump_small
Lair:3:   layout_small_grid, nicolae_swamp_entry_splash_gauntlet,
          guppyfry_snake_entry_island
Lair:4:   layout_loops_ring, dreamdust_gnoll_shepherd, lemuel_fruit_fields,
          grunt_megastairs_5
Lair:5:   grunt_lair_end_beastmaster, layout_cave_shapes,
          nicolae_slime_entry_slimehenge, uniq_urug
Swamp:1:  layout_basic_swamp, nicolae_swamp_big_swirl
Swamp:2:  layout_basic_swamp, evilmike_swamp_ruin_wall, swamp_pool5
Swamp:3:  layout_basic_swamp, evilmike_swamp_ruin_house_1
Swamp:4:  grunt_swamp_rune_castle, layout_basic_swamp
Snake:1:  layout_gridlike, ebering_ghost_gozag, basic_altar,
          corexii_hall_statues_s, st_stairs_7, drop_trap,
          nicolae_snake_single_loop, serial_bayou_shore_a
Snake:2:  layout_layer_cave, basic_altar, st_stairs_7, uniq_nikola
Snake:3:  nicolae_snake_attic_fulla_snakes, layout_misc_corridors,
          nicolae_snake_squiggles, statue_in_the_mist_lemuel,
          nicolae_snake_omega, serial_bayou_shore_b, grunt_megastairs_3,
          uniq_kirke
Snake:4:  snake_pit, layout_cave_shapes, serial_shops,
          nicolae_shop_hallway_stairs, gammafunk_ghost_wrathful_warriors
Slime:1:  layout_caves
Slime:2:  layout_caves, nicolae_slime_crime_time
Orc:1:    layout_caves, nicolae_shop_firing_range
Orc:2:    st_orc_open, layout_caves, small_statue_alley_c
Vaults:1: portal_desolation_entry_garden, nicolae_vaults_closet_pinwheel_3,
          nicolae_vaults_mini_display_case, hangedman_vaults_corner_blocks,
          vaults_mumra_minichess_inversion,
          nicolae_vaults_windows_and_doors_thing, ontoclasm_vaults_fault,
          nicolae_vaults_tangram_2, nicolae_vaults_more_shelving_1,
          vaults_room_grunt_arrival_ludios, nicolae_vaults_trapezoid_lopsided_3,
          vaults_room_semicircle, vaults_room_stairs_pillars,
          nicolae_vaults_diagonal_hallway_9, layout_vaults_ring, uniq_saint_roka
Vaults:2: vaults_room_door_hall, grunt_vaults_swirl, nicolae_vaults_apartment_2,
          ontoclasm_vaults_shuriken, vaults_dpeg_hooks, ontoclasm_vaults_tryst,
          hangedman_vaults_restitches, vaults_mumra_hex,
          hangedman_vaults_restitches, layout_vaults_omnicross, uniq_asterion
Vaults:3: nicolae_vaults_more_shelving_2, nicolae_vaults_ellipses_ellipsis,
          v_misc_22, nicolae_vaults_little_squares_2, st_squares,
          nicolae_vaults_tetromino_L_1, nicolae_vaults_diagonal_hallway_7,
          vaults_room_stairs_pillars, minmay_crypt_entry_simple_sparse,
          nicolae_vaults_little_squares_5, nicolae_vaults_house_1,
          hangedman_vaults_snaps, layout_vaults_maze_snakey
Vaults:4: grunt_vaults_diagonal, nicolae_vaults_stepped_doors,
          vaults_room_hallway, nicolae_vaults_house_2,
          nicolae_vaults_specimen_jars, vaults_room_stairs_pillars,
          nicolae_vaults_gold_heap, ontoclasm_vaults_idyll,
          nicolae_vaults_tetromino_L_1, vaults_room_grid, v_alt_pattern_3,
          v_pattern_1, nicolae_vaults_thirteen_compartments, v_misc_15,
          ontoclasm_vaults_ligature, nicolae_vaults_apartment_1, v_misc_28,
          hangedman_vaults_cutoff, layout_vaults_omnibox
Vaults:5: serial_shops, uniq_margery, uniq_jory
Depths:1: layout_roguey, serial_shops, bzr_entry_dummy, minmay_misc_feat_cross,
          grunt_hell_horde, chequers_serial_rivers_small_3, xom_confusion_cloud,
          uniq_mara
Depths:2: minmay_firetagon, layout_cave_shapes, enter_ziggurat_d,
          grunt_pan_entry_in_and_out, grunt_hell_entry_dis_old, serial_shops,
          nicolae_shop_tiny_waterfront
Depths:3: nzn_winding_woodlands_stair_trap [nzn_winding_woodlands_5x15_pool,
          nzn_winding_woodlands_5x15_garden,
          nzn_winding_woodlands_5x15_split_checker,
          nzn_winding_woodlands_15x15_five_gardens,
          nzn_winding_woodlands_5x15_jagged,
          nzn_winding_woodlands_5x15_longhouse,
          nzn_winding_woodlands_5x15_pathside_ponds], layout_gridlike,
          serial_shops, nicolae_shop_competitors_out_of_business,
          abyss_entry_flame_altar, nicolae_trove_entry_columns, hell_entry,
          pan_entry, serial_bayou_shore_b
Depths:4: grunt_x_marks_the_spot, layout_cave_shapes, pf_hell_entry_tar_river,
          nicolae_kikubaaqudgha_miasma_corner, serial_shops, shop,
          rand_demon_pan_entry_7, okawaru_ov_weapons_minmay
Zot:1:    layout_twisted_circle
Zot:2:    layout_gridlike, gammafunk_ghost_ooze
Zot:3:    layout_gridlike
Zot:4:    layout_gridlike, hangedman_zot_decor_tridents
Zot:5:    layout_cathedral_of_symmetry

Skill      XL: |  1  2  3  4  5  6  7  8  9 10 11 12 13 14 15 16 17 18 19 20 21 22 23 24 25 |
---------------+----------------------------------------------------------------------------+-----
Shields        | 3 4 6 7 8 9 10 11 12 13 14 15 16 | 16.8
Unarmed Combat | 3 4 6 7 9 11 13 15 16 18 19 20 22 23 24 25 26 27 | 27.0
Fighting       | 3 4 5 6 7 8 9 10 11 12 13 14 15 16 17 | 17.9
Armour         | 3 7 10 12 14 16 18 | 18.1
Dodging        | 6 9 12 14 16 17 | 17.8

Action                     |  1- 3 |  4- 6 |  7- 9 | 10-12 | 13-15 | 16-18 | 19-21 | 22-24 | 25-27 || total
---------------------------+-------+-------+-------+-------+-------+-------+-------+-------+-------++-------
  Melee: Unarmed           |    61 |    86 |   263 |   419 |  1103 |  1308 |  1024 |  1754 |   483 ||  6501
         Kick              |       |     8 |    53 |   104 |   321 |   401 |   395 |   460 |       ||  1742
  Throw: Throwing net      |       |       |       |       |       |       |       |     4 |       ||     4
 Invoke: Serpent's Lash    |       |       |       |       |     1 |       |       |       |       ||     1
         Heavenly Storm    |       |       |       |       |       |       |       |       |     1 ||     1
Ability: Lunge             |       |       |       |       |    60 |    95 |    72 |    94 |    18 ||   339
         Whirlwind         |       |       |       |       |    46 |   122 |    75 |   102 |    29 ||   374
         Wall Jump         |       |       |       |       |       |     1 |       |       |       ||     1
  Evoke: Wand              |       |       |       |       |     6 |     6 |       |     3 |     2 ||    17
         Piece from Xom's  |       |       |       |       |     2 |     1 |       |       |       ||     3
         Box of beasts     |       |       |       |       |     1 |       |       |       |       ||     1
         Lightning rod     |       |       |       |       |       |     3 |       |     1 |     1 ||     5
    Use: Scroll            |     3 |     3 |       |     9 |     5 |     6 |     2 |     5 |     1 ||    34
         Potion            |       |     8 |       |     5 |    13 |     4 |     1 |    11 |     2 ||    44
   Stab: Invisible         |       |       |       |       |     3 |       |       |       |       ||     3
         Paralysed         |       |       |       |       |     1 |       |       |       |       ||     1
         Confused          |       |       |       |       |       |     2 |       |       |       ||     2
 Armour: Robe              |    29 |    16 |    48 |   161 |    66 |       |       |       |       ||   320
         Skin              |       |       |     2 |       |       |       |       |       |       ||     2
         Troll leather arm |       |       |       |       |   116 |   264 |   201 |   287 |   145 ||  1013
  Dodge: Dodged            |    23 |    27 |    97 |   138 |   398 |   519 |   224 |   584 |   186 ||  2196
  Block: Kite shield       |    33 |    25 |   107 |   198 |   560 |   831 |       |       |       ||  1754
         Tower shield      |       |       |       |       |       |   316 |   640 |  1375 |   385 ||  2716
